 Dungeon Crawl Stone Soup version 0.25-a0-413-g3b4b6a4ccc (webtiles) character file.

Game seed: 1851190270905272646, levelgen mode: deterministic

93 Borgoz the Skirmisher (level 4, -7/29 HPs)
             Began as a Gargoyle Berserker on Jan 16, 2020.
             Was a Believer of Trog.
             Mangled by Sigmund
             ... wielding a +0 scythe
              (11 damage)
             ... on level 3 of the Dungeon.
             The game lasted 00:02:34 (1806 turns).

Borgoz the Skirmisher (Gargoyle Berserker)          Turns: 1806, Time: 00:02:35

Health: -7/29      AC: 10    Str: 21    XL:     4   Next: 62%
Magic:  4/4        EV: 11    Int: 12    God:    Trog [**....]
Gold:   69         SH:  0    Dex: 10    Spells: 3/3 levels left

rFire    . . .     SeeInvis .   a - +0 mace
rCold    . . .     Gourm    .   (no shield)
rNeg     + . .     Faith    .   e - +0 ring mail
rPois    ∞         Spirit   .   m - +0 helmet
rElec    +         Reflect  .   (no cloak)
rCorr    .         Harm     .   (no gloves)
MR       .....                  (no boots)
Stlth    ..........             (no amulet)
HPRegen  0.09/turn              (no ring)
MPRegen  0.09/turn              (no ring)

@: confused, brilliant, berserk cooldown, slowed, very slow
A: negative energy resistance 1, electricity resistance, unbreathing,
petrification resistance, rot immunity, AC +3
a: Berserk, Trog's Hand, Renounce Religion


You were on level 3 of the Dungeon.
You worshipped Trog.
Trog was pleased with you.
You were very hungry.

You visited 1 branch of the dungeon, and saw 3 of its levels.

You collected 69 gold pieces.

Inventory:

Hand Weapons
 a - a +0 mace (weapon)
Armour
 e - a +0 ring mail (worn)
 m - a +0 helmet (worn)
Scrolls
 g - a scroll of teleportation {unknown}
 j - a scroll of magic mapping {unknown}
 n - 2 scrolls of remove curse
 p - 2 scrolls of random uselessness {unknown}
Potions
 f - a potion of invisibility {unknown}
 h - 2 potions of brilliance
 i - a potion of degeneration {unknown}
 k - a potion of curing {unknown}
 l - a potion of might {unknown}
 o - a potion of cancellation
Comestibles
 b - 7 chunks of flesh
 c - 4 rations


   Skills:
 + Level 4.1 Fighting
 + Level 3.6 Maces & Flails
 + Level 3.1 Armour
 + Level 2.3 Dodging


You had 3 spell levels left.
You didn't know any spells.
Your spell library was empty.

Dungeon Overview and Level Annotations

Branches:
Dungeon (3/15)

Altars:
Ru

Annotations:
D:3 Sigmund


Innate Abilities, Weirdness & Mutations

You are resistant to torment.
Your stone body is resilient. (AC +3)
You are immune to poison.
You resist negative energy. (rN+)
You are resistant to electric shocks. (rElec)
You can survive without breathing.
You are immune to petrification.
You are immune to rotting.


Message History

You hear some strange, mumbled words.
A magic dart appears from out of thin air!
The magic dart hits you but does no damage.
You feel less invigorated.
You feel less confused. Something hits you!
There is a stone staircase leading down here.
You hear some strange, mumbled words.
You are confused.
You hear some strange, mumbled words.
A magic dart appears from out of thin air!
The magic dart hits you but does no damage.
Something hits you but does no damage.
There is a stone staircase leading down here.
You miss something. Something hits you!
* * * LOW HITPOINT WARNING * * *
It was a potion of brilliance.
You feel clever all of a sudden. Something hits you!
You die...

...............###.....
........####.#.# #.#.##
. #..........#.# #.#...
..#
#.###.######.###.####
....#.###..# #......#
...........# ########
#.....###..######
................. #
#.#.#.##@..###...
#.##.{.# # ## #.?....#
#. #....#.# #<.....# ..
#.#....# #. .......).
#.. # #........## #..
#. #.#....... #...##


There were no monsters in sight!

Vanquished Creatures
  An orc wizard (D:2)
  An ooze (D:2)
  4 worms
  A dart slug (D:1)
  4 leopard geckos
  An orc (D:3)
  2 ball pythons (D:2)
  8 bats
  2 giant cockroaches
  8 goblins
  4 hobgoblins
  A frilled lizard (D:2)
  7 kobolds
  A rat (D:2)
45 creatures vanquished.

Notes
Turn   | Place    | Note
-------+----------+-------------------------------------------
     0 | D:1      | Borgoz the Gargoyle Berserker began the quest for the Orb.
     0 | D:1      | Reached XP level 1. HP: 14/14 MP: 1/1
   247 | D:1      | Reached XP level 2. HP: 19/19 MP: 2/2
   607 | D:2      | Reached XP level 3. HP: 9/23 MP: 3/3
   889 | D:2      | Found a sacrificial altar of Ru.
   899 | D:2      | Reached ** piety under Trog
   902 | D:2      | Reached XP level 4. HP: 29/29 MP: 4/4
  1223 | D:2      | Reached skill level 4 in Fighting
  1781 | D:3      | Noticed Sigmund
  1806 | D:3      | Mangled by Sigmund

Levels and vault maps discovered:
D:1:      lightli_iron_boxes, layout_loops_ring, minivault_24
D:2:      layout_loops_ring, nicolae_ru_great_annihilating_truth
D:3:      layout_basic, chequers_ecumenical_altar_grove, minmay_pentomino_pile,
          uniq_sigmund

Skill      XL: |  1  2  3  4 |
---------------+-------------+-----
Dodging        | 2 |  2.3
Armour         | 3 |  3.1
Fighting       | 4 |  4.1
Maces & Flails | |  3.6

Action                   |  1- 3 |  4- 6 || total
-------------------------+-------+-------++-------
Melee: Mace              |    75 |    74 ||   149
Invok: Berserk           |     1 |     1 ||     2
       Trog's Hand       |       |     1 ||     1
  Use: Scroll            |       |     3 ||     3
       Potion            |       |     2 ||     2
 Stab: Invisible         |     1 |       ||     1
       Paralysed         |       |     1 ||     1
  Eat: Chunk             |     1 |     3 ||     4
Armor: Ring mail         |    43 |    29 ||    72
Dodge: Dodged            |    57 |    37 ||    94

Table legend:
 A = Non-vault XP
 B = Vault XP
 C = Vault XP percentage of total XP
 D = Non-vault monster count
 E = Vault monster count
 F = Vault count percentage of total count
                 A         B        C        D         E       F
            +---------+---------+-------+---------+---------+-------
      Total |      81 |      53 |  39.6 |      36 |       9 |  20.0
            +---------+---------+-------+---------+---------+-------
        D:1 |      24 |       0 |   0.0 |      13 |       0 |   0.0
        D:2 |      37 |      41 |  52.6 |      15 |       4 |  21.1
        D:3 |      20 |      12 |  37.5 |       8 |       5 |  38.5
            +---------+---------+-------+---------+---------+-------
